[Event "Early-Titled-Tuesday-Blitz-January-30-2024"]
[Site "Chess.com"]
[Date "2024.01.30"]
[Round "4"]
[White "ChessLebaneseSalah"]
[Black "Sattarov_Bobur"]
[Result "0-1"]
[WhiteElo "2445"]
[BlackElo "2769"]
[TimeControl "180+1"]
[EndTime "8:41:33 PST"]
[Termination "Sattarov_Bobur won by checkmate"]

1. e4 e5 2. Nf3 Nc6 3. Bb5 a6 4. Ba4 Bc5 5. c3 Qf6 6. Bxc6 dxc6 7. d4 exd4 8. e5 Qg6 9. cxd4 Bb6 10. Nc3 Ne7 11.
Be3 Nf5 12. Qe2 Be6 13. Rd1 O-O 14. h3 Rae8 15. g4 Nxe3 16. fxe3 f6 17. O-O Ba5 18. exf6 Qxf6 19. Ne5 Qe7 20. Rxf8+ Rxf8 21. Rf1 Rxf1+ 22. Kxf1 c5 23. Kg1 cxd4 24. exd4 Bb6 25. Qe4 Qd6 26. Nf3 c6 27. Kg2 h6 28. a3 Bf7 29. b4 a5 30. Na4 Bc7 31. Kf2 Qg3+ 32. Ke3 Qxh3 33. Nc5 Bd5 34. Qe8+ Kh7 35. Ne4 Qxg4 36. bxa5 Qf4+ 37.
Kd3 Qxf3+ 38. Kd2 Bxa5+ 39. Kc2 Bxe4+ 40. Kb2 Qc3+ 41. Ka2 Qc2+ 42. Ka1 Qb1# 0-1

[Event "Early-Titled-Tuesday-Blitz-January-30-2024"]
[Site "Chess.com"]
[Date "2024.01.30"]
[Round "4"]
[White "Arlo2024"]
[Black "Juicy_Fork"]
[Result "0-1"]
[WhiteElo "2296"]
[BlackElo "2444"]
[TimeControl "180+1"]
[EndTime "8:41:33 PST"]
[Termination "Juicy_Fork won on time"]

1. e4 e5 2. Nf3 Nc6 3. Bc4 Nf6 4. d4 exd4 5. O-O Nxe4 6. Re1 d5 7. Bxd5 Qxd5 8. Nc3 Qa5 9. Nxe4 Be6 10. Neg5 O-O-O 11. Nxe6 fxe6 12. Rxe6 Be7 13. Ne5 Nxe5 14. Rxe7 Rhe8 15. Bd2 Qd5 16. Rxg7 Rg8 17. Rg3 Nc4 18. b3 Nd6 19. Qf3 Qxf3 20. Rxf3 Ne4 21. Rd1 Rde8 22. Kf1 c5 23. c3 Rd8 24. Rd3 dxc3 25. Bc1 c2 26.
Rxd8+ Rxd8 27. Rxd8+ Kxd8 28. Ke2 Kd7 29. a3 b5 30. f3 Nd6 31. Kd3 Nf5 32. g3 Nd4 33. Be3 Ke6 34. Kd2 Nxf3+ 35. Kxc2 Kd5 36. Kd3 Nxh2 37. Bf4 Ng4 38. Bb8 a6 39. Ba7 h5 40.
Bb8 Nf2+ 41. Ke3 Ng4+ 42. Kf4 c4 43. bxc4+ bxc4 44. Kg5 Ke4 45. Bf4 Ne3 0-1

[Event "Early-Titled-Tuesday-Blitz-January-30-2024"]
[Site "Chess.com"]
[Date "2024.01.30"]
[Round "4"]
[White "karinachess1"]
[Black "VincentKeymer"]
[Result "0-1"]
[WhiteElo "2633"]
[BlackElo "3059"]
[TimeControl "180+1"]
[EndTime "8:41:34 PST"]
[Termination "VincentKeymer won by resignation"]

1. d4 Nf6 2. c4 e6 3. Nc3 Bb4 4. a3 Bxc3+ 5. bxc3 c5 6. e3 b6 7. Bd3 Bb7 8. f3 O-O 9. Ne2 Nc6 10. O-O Na5 11.
Ng3 Ba6 12. Qe2 cxd4 13. cxd4 Rc8 14. Bd2 Bxc4 15. Bxa5 Bxd3 16. Qxd3 bxa5 17. e4 Qc7 18. e5 Nd5 19. Ne4 Qc4 20. Rfd1 Qxd3 21. Rxd3 h6 22. Nc5 Rc7 23. Rb1 f6 24. Rb7 Rxb7 25. Nxb7 fxe5 26. dxe5 Rc8 27. Nxa5 Rc1+ 28. Kf2 Rc2+ 29.
Kf1 Kf8 30. Nb3 Ke7 31. Nd4 Rxg2 32. Nb5 Rxh2 33. Nxa7 Rc2 34. Nb5 Rc1+ 35. Kf2 Rc5 36. a4 Nb6 37. Nc3 Rxe5 38. f4 Rc5 39. Kf3 d5 40. Kg4 g6 41. Rh3 Kf6 42. Ne2 h5+ 43. Kf3 Nxa4 44. Rh1 Rc4 45. Ra1 Nc3 46. Ng3 Ne4 47.
Ne2 Nd6 48. Ra6 Nf5 49. Ra8 Nd4+ 50. Nxd4 Rxd4 51. Rf8+ Ke7 52. Rg8 Kf7 53. Rh8 Rc4 54. Ke2 Rxf4 0-1

[Event "Early-Titled-Tuesday-Blitz-January-30-2024"]
[Site "Chess.com"]
[Date "2024.01.30"]
[Round "4"]
[White "Me_ch_an"]
[Black "TokChess"]
[Result "1-0"]
[WhiteElo "2331"]
[BlackElo "2518"]
[TimeControl "180+1"]
[EndTime "8:41:34 PST"]
[Termination "Me_ch_an won by resignation"]

1. e4 c6 2. d4 d5 3. Nd2 Nd7 4.
Ngf3 dxe4 5. Nxe4 Ngf6 6. Nxf6+ Nxf6 7. Bc4 Bf5 8. Ne5 e6 9. O-O Be7 10. h3 O-O 11. f4 Be4 12. Be3 Qc7 13. Qe2 Rad8 14.
Rad1 c5 15. dxc5 Bxc5 16. Bd3 Bxd3 17. Rxd3 Bxe3+ 18. Rxe3 Nd5 19. Rg3 f6 20. Nd3 Rfe8 21. Kh1 Rc8 22. c3 Rcd8 23. Qf3 Nb6 24. Re1 Nc4 25.
Qf2 b6 26. b3 Nd6 27. c4 Nf5 28. Rf3 Rd7 29. g4 Nd4 30. Rfe3 Qc6+ 31. Kh2 Red8 32. Nb4 Qb7 33. Kg3 a5 34. Nc2 Nxc2 35. Qxc2 Rd2 36. Qe4 Qxe4 37. Rxe4 Rxa2 38. Rxe6 Ra3 39. R1e3 a4 40.
bxa4 Rxa4 41. Rxb6 Rxc4 42. Rb7 Rf8 43. Ree7 1-0

[Event "Early-Titled-Tuesday-Blitz-January-30-2024"]
[Site "Chess.com"]
[Date "2024.01.30"]
[Round "4"]
[White "elchacal664"]
[Black "C_K_G"]
[Result "1-0"]
[WhiteElo "2358"]
[BlackElo "2131"]
[TimeControl "180+1"]
[EndTime "8:41:34 PST"]
[Termination "elchacal664 won on time"]

1. e3 d5 2. c4 e6 3. Nf3 Nf6 4.
b3 c6 5. Bb2 Nbd7 6. Be2 Bd6 7.
O-O O-O 8. d3 e5 9. cxd5 cxd5 10. e4 d4 11. Nbd2 b5 12. a4 bxa4 13. Rxa4 Nc5 14. Ra2 Be6 15. Nc4 Bxc4 16. bxc4 a5 17. Qc2 Rb8 18. Bc1 Qc7 19. Nh4 g6 20. Bh6 Rfe8 21.
Rfa1 a4 22. Nf3 Rb7 23. h3 Reb8 24. Kh2 Nh5 25. Nd2 Nf6 26. Rb1 Nfd7 27. Rb5 Rxb5 28. cxb5 Rxb5 29. Nc4 Be7 30. Nb2 Qa5 31. Nxa4 Nxa4 32.
Rxa4 Qd8 33. Qc6 Rb8 34. Ra7 Nf8 35. Bg4 Bg5 36. Bxf8 Qxf8 37. Qc7 Rb2 38. Kg3 Bf4+ 39. Kf3 h5 40. Be6 Bh6 41. Qxf7+ Qxf7+ 42. Bxf7+ Kg7 43. Be8+ Kf6 44. Ra6+ Ke7 45. Bxg6 h4 46. Bf5 Bf4 47.
Be6 Bd2 48. Bc4 1-0

[Event "Early-Titled-Tuesday-Blitz-January-30-2024"]
[Site "Chess.com"]
[Date "2024.01.30"]
[Round "4"]
[White "scarabee43"]
[Black "lachesisQ"]
[Result "1-0"]
[WhiteElo "2840"]
[BlackElo "3124"]
[TimeControl "180+1"]
[EndTime "8:41:35 PST"]
[Termination "scarabee43 won by resignation"]

1. d4 g6 2. Nf3 Bg7 3. c4 Nf6 4. Nc3 d5 5. Bg5 dxc4 6. e3 Be6 7. Nd2 Nd5 8. Bxc4 Nxc3 9. bxc3 Bxc4 10. Nxc4 Qd5 11.
Qb3 Nd7 12. Bh4 Qxg2 13. O-O-O Qc6 14. Na5 Qb6 15. Qa3 Bf6 16. Bxf6 Nxf6 17. Rd2 Qa6 18. Qa4+ Kf8 19. Rb2 b6 20. Qc6 Kg7 21. Nc4 Rhd8 22. Ne5 Rac8 23. h4 h5 24. Rg1 Rd6 25. Qg2 Nd7 26.
Qg5 Qa5 27. Qxe7 Qxc3+ 28. Rc2 Qa3+ 29. Kb1 Nxe5 30. Qxe5+ Kh7 31. Qf4 Rf8 32. Rxc7 Qb4+ 33. Ka1 Re6 34. Rgc1 Kg8 35. Rxa7 Qd2 36. Rac7 b5 37.
R7c2 Qa5 38. d5 Ra6 39. d6 Rfa8 40. Qd4 Qd8 41. d7 Kh7 42. Kb1 Qf6 43. Qxf6 Rxf6 44. Rc8 Rd6 45. Rxa8 Rxd7 46. Rb8 Rd5 47. Rc7 Rf5 48. f4 Kg7 49. Kc2 Rd5 50. Rbb7 Kf6 51. Rxf7+ Ke6 52. Rbe7+ 1-0

[Event "Early-Titled-Tuesday-Blitz-January-30-2024"]
[Site "Chess.com"]
[Date "2024.01.30"]
[Round "4"]
[White "NikolaGry"]
[Black "zverr1"]
[Result "0-1"]
[WhiteElo "2722"]
[BlackElo "2558"]
[TimeControl "180+1"]
[EndTime "8:41:36 PST"]
[Termination "zverr1 won on time"]

1. d4 g6 2. Bf4 Bg7 3. c3 Nf6 4. Nf3 O-O 5. h3 d5 6. e3 b6 7. Nbd2 Bb7 8. Bd3 c5 9. O-O Nc6 10. Re1 Nd7 11. Bh2 e5 12. dxe5 Ndxe5 13. Nxe5 Nxe5 14.
Bf1 Qe7 15. Qa4 Rfd8 16. Rad1 Bc6 17. Bb5 Qd7 18. Bxc6 Qxc6 19. Qxc6 Nxc6 20. Nf3 Rd7 21. Re2 Rad8 22. Red2 Bf6 23. Bf4 Kg7 24. Bg5 h6 25. Bxf6+ Kxf6 26. Kf1 Ke6 27. Ke2 f6 28. g4 Ne5 29.
Nh4 Kf7 30. b3 b5 31. Ng2 g5 32. Ne1 Ke6 33. Nd3 Nxd3 34. Rxd3 a6 35. f4 f5 36. Kf3 gxf4 37. gxf5+ Kxf5 38. Rxd5+ Rxd5 39. Rxd5+ Rxd5 40. e4+ Ke5 41. exd5 Kxd5 42. Kxf4 b4 43. cxb4 cxb4 44. Kg4 Kd4 45. h4 Kc3 46. Kh5 Kb2 47. Kxh6 Kxa2 48. Kg5 Kxb3 49. h5 Ka2 50. h6 b3 51. h7 b2 52. h8=Q b1=Q 53. Qh2+ Qb2 54. Qd6 Qb5+ 55. Kf4 Qc4+ 56. Ke3 Kb3 0-1

[Event "Early-Titled-Tuesday-Blitz-January-30-2024"]
[Site "Chess.com"]
[Date "2024.01.30"]
[Round "4"]
[White "Ezov"]
[Black "Predator0608"]
[Result "0-1"]
[WhiteElo "2202"]
[BlackElo "2482"]
[TimeControl "180+1"]
[EndTime "8:41:36 PST"]
[Termination "Predator0608 won on time"]

1. d4 f5 2. g4 fxg4 3. h3 gxh3 4. Bxh3 d6 5. Nc3 Nf6 6. Bg5 Bxh3 7. Nxh3 Qd7 8. Qd2 Na6 9. O-O-O O-O-O 10. d5 e6 11. Nf4 exd5 12. Nfxd5 Nxd5 13. Bxd8 Nxc3 14. Qxc3 Kxd8 15.
Qb3 Nc5 16. Qe3 Qe6 17. Qg5+ Be7 18. Qxg7 Rg8 19. Qxh7 Qxa2 20. b3 Rf8 21. Qg7 Ne4 22. Rh7 Re8 23. f3 Nf6 24. Rh6 Qa1+ 25. Kd2 Qa5+ 26.
Kc1 Nd7 27. Rh8 Qa3+ 28. Kb1 Bf6 29. Rxe8+ Kxe8 30. Qg8+ Nf8 31. c3 Bxc3 32. Kc2 Qb2+ 33. Kd3 Be5 34. Kc4 Qc3+ 35. Kb5 c6+ 36. Ka4 b5+ 37.
Ka3 Qb2+ 0-1

[Event "Early-Titled-Tuesday-Blitz-January-30-2024"]
[Site "Chess.com"]
[Date "2024.01.30"]
[Round "4"]
[White "Gentlejimmy7"]
[Black "SirGerhard"]
[Result "0-1"]
[WhiteElo "2562"]
[BlackElo "2770"]
[TimeControl "180+1"]
[EndTime "8:41:37 PST"]
[Termination "SirGerhard won by resignation"]

1. c4 e5 2. Nc3 Bb4 3. Nd5 a5 4. a3 Bc5 5. e3 c6 6. Nc3 Ba7 7. Nf3 d6 8. d4 exd4 9. Nxd4 Nf6 10. g3 O-O 11. Bg2 Nbd7 12. O-O Ne5 13. b3 Bg4 14. f3 Bd7 15. Bb2 Re8 16. Kh1 Qb6 17. Na4 Qc7 18. Rc1 Rad8 19. h3 d5 20. f4 Ng6 21.
cxd5 Rxe3 22. dxc6 bxc6 23. Rf3 Rde8 24. Nc5 Re1+ 25. Qxe1 Rxe1+ 26. Rxe1 Bxc5 27. Rc1 Bf8 28. Rfc3 c5 29. b4 axb4 30. axb4 Qb6 31. bxc5 Qxb2 32. c6 Bc8 33. c7 h5 34. Nc6 Ne8 35. Na7 Nxc7 36. Nxc8 Ne6 37. R3c2 Qb5 38. h4 Nexf4 39. gxf4 Nxf4 40. Bf3 Qf5 41. Rc3 Qh3+ 42. Kg1 Bc5+ 43.
Rxc5 Qxf3 44. R5c2 Ne2+ 45. Rxe2 Qxe2 46. Rc6 Qe1+ 47.
Kg2 Qe4+ 48. Kg3 f6 49. Ne7+ Qxe7 50. Rc4 Qe3+ 51. Kg2 Qe2+ 52. Kg3 Qxc4 0-1

[Event "Early-Titled-Tuesday-Blitz-January-30-2024"]
[Site "Chess.com"]
[Date "2024.01.30"]
[Round "4"]
[White "CaspiIsrael"]
[Black "Herzog2012"]
[Result "1-0"]
[WhiteElo "2759"]
[BlackElo "2557"]
[TimeControl "180+1"]
[EndTime "8:41:37 PST"]
[Termination "CaspiIsrael won on time"]

1. d4 Nf6 2. c4 e6 3. Nf3 b6 4. g3 Ba6 5. Qc2 Bb7 6. Bg2 c5 7. d5 exd5 8. cxd5 Nxd5 9. O-O Be7 10. Rd1 Nc6 11. Qf5 Nf6 12. Nc3 O-O 13. Bg5 g6 14. Qh3 d5 15. Bxf6 Bxf6 16. Nxd5 Bxb2 17. Rab1 Nd4 18.
Nf4 Bxf3 19. exf3 Bc3 20. Rd3 Ba5 21. Rbd1 Qd6 22. Qh6 Rfe8 23. Nh5 Qe5 24. Nf4 Rad8 25. h4 b5 26. Kh2 Nf5 27. Qg5 Rxd3 28. Rxd3 h6 29. Qg4 Bc7 30. Rd5 Qf6 31. Rxc5 Bxf4 32. Qxf4 Qd4 33. Rxf5 Qxf4 34. Rxf4 Re2 35. a4 a6 36.
axb5 axb5 37. Rb4 Rxf2 38. Rxb5 h5 39. Kg1 Ra2 40. Bf1 Kg7 41. Re5 f6 42. Re7+ Kh6 43. Rf7 f5 44. f4 Ra3 45. Kf2 Ra2+ 46. Be2 Ra3 47. Re7 Ra4 48. Re3 Kg7 49. Ke1 Rb4 50. Kd2 Kf6 51. Kc3 Rb1 52. Bc4 Rc1+ 53. Kd4 Rd1+ 54. Kc5 Rg1 55. Bd5 Rc1+ 56. Kd6 Ra1 57.
Re6+ Kg7 58. Re7+ Kh8 59. Bf7 Kg7 60. Be8+ Kh6 61. Re6 Ra6+ 62. Ke5 Ra5+ 63. Kf6 1-0

[Event "Early-Titled-Tuesday-Blitz-January-30-2024"]
[Site "Chess.com"]
[Date "2024.01.30"]
[Round "4"]
[White "EsmeraldasAnderson03"]
[Black "YairParkhov"]
[Result "0-1"]
[WhiteElo "2417"]
[BlackElo "2682"]
[TimeControl "180+1"]
[EndTime "8:41:38 PST"]
[Termination "YairParkhov won by resignation"]

1. d4 d5 2. c4 c6 3. Nc3 Nf6 4. cxd5 cxd5 5. Bf4 Nc6 6. e3 Bf5 7. Nf3 e6 8. Bd3 Bxd3 9. Qxd3 Be7 10. O-O O-O 11. h3 Rc8 12. Rfc1 a6 13. a3 b5 14.
a4 b4 15. Ne2 Qb6 16. Nd2 Na5 17. b3 Nd7 18. Rxc8 Rxc8 19. Rc1 Rxc1+ 20. Nxc1 Qc6 21.
Ne2 f6 22. Bg3 g6 23. Kh2 Kf7 24. f3 Bd6 25. Bxd6 Qxd6+ 26. Kg1 Qc6 27. e4 Nf8 28. Kf2 f5 29. exd5 exd5 30. Ke1 Ne6 31. Kd1 Kf6 32.
Qc2 f4 33. Qd3 h5 34. h4 Nb7 35. Qc2 Nbd8 36. Nf1 Qxc2+ 37. Kxc2 Nc6 38. Kd3 Ne7 39.
g3 Nf5 40. Nxf4 Nxf4+ 41. gxf4 Nxh4 42. Ne3 Ke6 43. Nc2 a5 44. Ke3 Nf5+ 45. Kf2 Kf6 46. Kg2 Ne7 47. Kg3 Ke6 48. Kh4 Kf6 49. Kg3 Nf5+ 50.
Kf2 Ng7 51. Kg3 Ne6 52. Ne3 Nxd4 53. Nxd5+ Kf7 54. Ne3 Nxb3 55. Nc4 Ke6 56. Kh4 Kd5 57. Nb6+ Kc5 58. Nd7+ Kd6 59. Ne5 Nd2 60. Kg5 b3 61.
Nd3 Nxf3+ 62. Kxg6 h4 63. f5 Ne5+ 64. Nxe5 Kxe5 65. f6 b2 66. f7 b1=Q+ 67. Kh5 Qf5+ 68. Kxh4 Qxf7 0-1

[Event "Early-Titled-Tuesday-Blitz-January-30-2024"]
[Site "Chess.com"]
[Date "2024.01.30"]
[Round "4"]
[White "PavelShkapenko"]
[Black "jefferyx"]
[Result "1/2-1/2"]
[WhiteElo "2764"]
[BlackElo "2977"]
[TimeControl "180+1"]
[EndTime "8:41:39 PST"]
[Termination "Game drawn by repetition"]

1. e4 c5 2. c3 e6 3. d4 cxd4 4. cxd4 d5 5. exd5 exd5 6. Nc3 Nc6 7. Bb5 Ne7 8. Nge2 a6 9. Ba4 Ng6 10. Nf4 Nxf4 11. Bxf4 Bb4 12. O-O Bxc3 13. Bxc6+ bxc6 14. bxc3 O-O 15. Re1 Qa5 16. Bd6 Rd8 17. Be7 Re8 18.
Bb4 Qd8 19. Rxe8+ Qxe8 20. Qe1 Bf5 21. Qe5 Qxe5 22. dxe5 a5 23. Bd6 Ra7 24. f3 Rb7 25. Ba3 Rb1+ 26. Rxb1 Bxb1 27. Kf2 Bxa2 28. Ke3 Bc4 29.
Kd4 g5 30. Kc5 Bb5 31. Bc1 a4 32. Kd6 Kg7 33. e6 fxe6 34. Kxe6 Kg6 35. Ke5 Be2 36. f4 gxf4 37. Kxf4 Kf6 38. Ba3 Ke6 39. g4 d4 40.
cxd4 Kd5 41. Ke3 Bb5 42. Bc5 Kc4 43. Kd2 Kb3 44. Kc1 Bd3 45. Kd2 Bb1 46. d5 cxd5 47. Bd4 Kc4 48. Ke3 a3 49. h4 a2 50. h5 Bc2 51. g5 Bf5 52. Ba1 Kb3 53. Kd2 Kc4 54.
Ke3 Kb3 55. Kd2 Kc4 56. Ke3 1/2-1/2

[Event "Early-Titled-Tuesday-Blitz-January-30-2024"]
[Site "Chess.com"]
[Date "2024.01.30"]
[Round "4"]
[White "AsterPhoenix"]
[Black "MyDream003"]
[Result "1-0"]
[WhiteElo "2601"]
[BlackElo "2808"]
[TimeControl "180+1"]
[EndTime "8:41:39 PST"]
[Termination "AsterPhoenix won on time"]

1. e4 c6 2. d4 d5 3. exd5 cxd5 4. Bd3 Nf6 5. Nf3 Bg4 6. Bf4 a6 7. Nbd2 e6 8. c3 Be7 9. O-O O-O 10. a4 Nc6 11. Qb1 Bh5 12. Ne5 Bg6 13. Bxg6 hxg6 14. Re1 Rc8 15. h3 Nxe5 16. Bxe5 Nd7 17. Bg3 Re8 18.
a5 Rc6 19. Qd3 b6 20. axb6 Qxb6 21. Ra2 Ra8 22. Rea1 Bd6 23. Bxd6 Rxd6 24. b4 e5 25. Nb3 exd4 26. Qxd4 Qb7 27. Ra5 Rc8 28. Nc5 Nxc5 29.
bxc5 Re6 30. Rd1 Rce8 31. Raa1 Re4 32. Qd3 R8e6 33. Kh2 Qc7+ 34. g3 Qxc5 35. Rd2 Rf6 36. Kg2 Rc4 37. Rb1 Kh7 38. h4 Rxc3 39. Qd4 Qxd4 40.
Rxd4 Rc2 41. Rf1 Rf5 42. Ra4 Rc6 43. f4 1-0

[Event "Early-Titled-Tuesday-Blitz-January-30-2024"]
[Site "Chess.com"]
[Date "2024.01.30"]
[Round "4"]
[White "PedroGil25"]
[Black "YurasovMat-2012"]
[Result "0-1"]
[WhiteElo "2402"]
[BlackElo "2616"]
[TimeControl "180+1"]
[EndTime "8:41:39 PST"]
[Termination "YurasovMat-2012 won by resignation"]

1. e4 e5 2. Nf3 Nf6 3. Nc3 Bb4 4. Nxe5 O-O 5. Be2 Re8 6. Nf3 Nxe4 7. Nxe4 Rxe4 8. O-O d5 9. d4 Re8 10. Bd3 h6 11. h3 Nd7 12. Bf4 c5 13. c3 Ba5 14.
dxc5 Nxc5 15. Bc2 Ne6 16. Bg3 Bc7 17. Bxc7 Qxc7 18. Re1 Rd8 19. Qd3 g6 20. Ne5 d4 21.
Nxg6 fxg6 22. Qxg6+ Qg7 23. Rxe6 Bxe6 24. Qxe6+ Kh8 25.
cxd4 Rxd4 26. Re1 Rf8 27. Re2 Rdf4 28. g3 Rb4 29. b3 Rb6 30. Qe4 Rbf6 31. h4 Qc7 32.
Bd3 Rg8 33. Bc4 Rgf8 34. a4 Qb6 35. Bd3 R8f7 36. a5 Qxa5 37. Bc4 Rf8 38. Bd3 Qc7 39.
Rc2 Qg7 40. h5 Rf3 41. Re2 R3f6 42. Rc2 Qf7 43. f4 Re6 44. Qd4+ Qg7 45. Qxg7+ Kxg7 46. Bg6 Re7 47. g4 Rxf4 48. Rc8 Rxg4+ 49. Kf2 Rxg6 50. hxg6 Kxg6 51. Ra8 a6 52. Rg8+ Kf5 53. Rb8 Ke4 54. Rf8 Kd4 55. Rh8 Kc3 56. Rxh6 Kxb3 57. Rb6+ Kc4 58.
Kf3 a5 59. Kf4 Kc5 60. Rb1 b5 61. Rc1+ Kb6 62. Rb1 a4 63. Rh1 Ka5 64. Rh6 Rc7 65. Rh8 Kb4 66. Ra8 Kb3 67. Rh8 b4 68. Rh2 a3 69. Ke3 a2 70. Kd4 a1=Q+ 0-1

[Event "Early-Titled-Tuesday-Blitz-January-30-2024"]
[Site "Chess.com"]
[Date "2024.01.30"]
[Round "4"]
[White "Kunalm64"]
[Black "falzehope0"]
[Result "0-1"]
[WhiteElo "2554"]
[BlackElo "2387"]
[TimeControl "180+1"]
[EndTime "8:41:39 PST"]
[Termination "falzehope0 won by resignation"]

1. e4 d6 2. d4 Nf6 3. Nc3 Nbd7 4. Nf3 e5 5. Bc4 Be7 6. O-O O-O 7. Re1 c6 8. a4 Qc7 9. h3 h6 10. b3 Re8 11.
Bb2 Nf8 12. a5 Ng6 13. a6 b5 14. Bf1 Rb8 15. b4 Nh7 16. d5 Bd7 17. dxc6 Bxc6 18. g3 Qc8 19. Nd5 Bf8 20. c4 bxc4 21. Rc1 Bxd5 22. Qxd5 Qxa6 23. Bxc4 Qb7 24. Ba3 Nf6 25.
Qd3 Rec8 26. b5 Qd7 27. Kg2 Rc7 28. Rc2 Rbc8 29. Rec1 Nh5 30. Qe3 Nhf4+ 31. gxf4 Nxf4+ 32. Kf1 Qxh3+ 33. Ke1 Ng2+ 34. Ke2 Nxe3 35. Kxe3 Qg4 36. Nd2 Qf4+ 37. Ke2 h5 38. Nf1 h4 39. Ne3 h3 40.
f3 Qh2+ 41. Kd3 Qf4 42. Bb4 Qxf3 43. Bd2 h2 44. Rf1 Qxf1+ 45. Nxf1 h1=Q 46. Ne3 Qf3 47. Rc1 g6 48. Rg1 Rxc4 0-1

[Event "Early-Titled-Tuesday-Blitz-January-30-2024"]
[Site "Chess.com"]
[Date "2024.01.30"]
[Round "4"]
[White "Evgeny81"]
[Black "Lady_Nika"]
[Result "0-1"]
[WhiteElo "2731"]
[BlackElo "2568"]
[TimeControl "180+1"]
[EndTime "8:41:40 PST"]
[Termination "Lady_Nika won on time"]

1. e4 e6 2. d4 d5 3. Nd2 Nf6 4. e5 Nfd7 5. f4 c5 6. c3 Nc6 7. Ndf3 Be7 8. h4 a6 9. Kf2 b5 10. h5 h6 11. Ne2 Bb7 12. g3 Qb6 13. Bh3 O-O-O 14. Kg2 Kb8 15. Be3 c4 16. Qd2 Na5 17.
f5 exf5 18. Bxf5 Nf8 19. Nf4 g6 20. hxg6 fxg6 21. Bh3 g5 22. Nh5 Rg8 23. Nh2 Ng6 24. Rhf1 Nxe5 25. Ng4 Nd3 26. Kh2 Rdf8 27. b4 Nc6 28.
Ngf6 Qc7 29. Nd7+ Ka7 30. Nxf8 Rxf8 31. Rxf8 Bxf8 32. Rf1 Bd6 33. Bf5 Qf7 34. Qe2 Nf4 35.
Bxf4 gxf4 36. Qg4 fxg3+ 37. Kg2 Qe7 38. Be6 Nd8 39. Rf6 Bb8 40. Qg7 Qe8 41. Qg6 Qe7 42. Qxh6 Qd6 43. Qe3 Qe7 0-1

[Event "Early-Titled-Tuesday-Blitz-January-30-2024"]
[Site "Chess.com"]
[Date "2024.01.30"]
[Round "4"]
[White "JuniorJumper"]
[Black "Kostukov_Alex"]
[Result "1-0"]
[WhiteElo "2520"]
[BlackElo "2311"]
[TimeControl "180+1"]
[EndTime "8:41:41 PST"]
[Termination "JuniorJumper won by resignation"]

1. b3 Nf6 2. Bb2 g6 3. Nf3 Bg7 4. g3 O-O 5. Bg2 d5 6. O-O c5 7. d3 Nc6 8. Nbd2 d4 9. h3 Nd5 10. Ne4 b6 11. a3 h6 12. Re1 Kh7 13. Kh2 f5 14. Ned2 e5 15. e4 dxe3 16. fxe3 Bb7 17. e4 Nde7 18. Nc4 Nd4 19. Bxd4 exd4 20. e5 Nd5 21. a4 Qc7 22. Qd2 Rae8 23. Nd6 Re7 24.
Nxb7 Qxb7 25. Nh4 Qd7 26. e6 Qd6 27. Bxd5 Qxd5 28. Qg2 Qd6 29. Re2 Rxe6 30. Rae1 Rfe8 31. Nf3 Re3 32. Nd2 f4 33. Nc4 fxg3+ 34. Kh1 Rxe2 35. Rxe2 Rxe2 36. Qxe2 Qd5+ 37. Qg2 Qg5 38. Qf3 h5 39. Kg2 h4 40. Qf1 Kh6 41. Qe1 Be5 42. Nxe5 a5 43.
Nf7+ Kh5 44. Nxg5 Kxg5 45. Qe7+ 1-0

[Event "Early-Titled-Tuesday-Blitz-January-30-2024"]
[Site "Chess.com"]
[Date "2024.01.30"]
[Round "4"]
[White "MikaelyanArman"]
[Black "GroovyKettle"]
[Result "1/2-1/2"]
[WhiteElo "2837"]
[BlackElo "2983"]
[TimeControl "180+1"]
[EndTime "8:41:42 PST"]
[Termination "Game drawn by repetition"]

1. d4 Nf6 2. c4 g6 3. Nc3 Bg7 4. e4 d6 5. f4 O-O 6. Nf3 Bg4 7.
Be2 Nfd7 8. Be3 e5 9. fxe5 dxe5 10. d5 a5 11. O-O Na6 12. Nd2 Bxe2 13. Qxe2 Nac5 14.
Kh1 Qe7 15. Rae1 a4 16. b4 axb3 17. axb3 c6 18. b4 Na4 19. Nxa4 Rxa4 20. c5 Rxb4 21. d6 Qe6 22. Rb1 Rxb1 23. Rxb1 Rb8 24. Nc4 Ra8 25. h3 Ra4 26. Nd2 Ra7 27. Qd3 Bf6 28. Nf3 Bd8 29.
Kh2 Qa2 30. Rb3 Qa5 31. Qc4 Qa2 32. Qc3 Qe2 33. Rb2 Qd1 34. Rd2 Qa1 35. Qc4 Qa4 36.
Qd3 f6 37. Rb2 Kg7 38. h4 h5 39. Rb3 Nf8 40. d7 b5 41. cxb6 Rxd7 42. Qc3 Qxe4 43. b7 Bc7 44. b8=Q Bxb8 45. Rxb8 Ne6 46. Rb4 Qd3 47. Qxc6 Re7 48. Rb7 Kf7 49. Rxe7+ Kxe7 50. Qb7+ Kf8 51. Qc8+ Kf7 52. Qb7+ Kf8 53. Bh6+ Ke8 54. Qc8+ Ke7 55. Qb7+ Ke8 56. Qc6+ Ke7 57. Qb7+ Ke8 1/2-1/2

[Event "Early-Titled-Tuesday-Blitz-January-30-2024"]
[Site "Chess.com"]
[Date "2024.01.30"]
[Round "4"]
[White "SergioMoralesG"]
[Black "GeorgiosSouleidis"]
[Result "0-1"]
[WhiteElo "2446"]
[BlackElo "2651"]
[TimeControl "180+1"]
[EndTime "8:41:42 PST"]
[Termination "GeorgiosSouleidis won on time"]

1. d4 Nf6 2. c4 g6 3. Nc3 Bg7 4. e4 d6 5. Nf3 O-O 6. Be2 e5 7.
Be3 Ng4 8. Bg5 f6 9. Bh4 Nc6 10. d5 Ne7 11. Nd2 Nh6 12. f3 c5 13.
dxc6 bxc6 14. b4 Be6 15. b5 d5 16. exd5 cxd5 17. c5 g5 18. Bf2 f5 19. Nb3 d4 20.
Na4 Kh8 21. O-O f4 22. c6 Nhf5 23.
Nac5 Bd5 24. Qc2 Qd6 25. Ne4 Qg6 26. Nbc5 h5 27. h3 Rg8 28. a4 Ne3 29. Bxe3 fxe3 30. Bd3 Qh6 31. Bc4 g4 32. fxg4 hxg4 33. hxg4 Qg6 34.
Bxd5 Nxd5 35. Nd7 Nf4 36. c7 Rac8 37. Qc6 Qxg4 38. Nef6 Qxg2+ 39. Qxg2 Nxg2 40. Nxg8 Nf4 41. Ne7 Re8 42. c8=Q Rxc8 43. Nxc8 e2 44. Rfe1 d3 45. Ra2 e4 46. Nc5 Bd4+ 47. Kh2 Bxc5 48. a5 Bb4 49. b6 axb6 50. axb6 Bxe1 51. Ra1 Bc3 52. Rb1 Be5 0-1

[Event "Early-Titled-Tuesday-Blitz-January-30-2024"]
[Site "Chess.com"]
[Date "2024.01.30"]
[Round "4"]
[White "GiorgianBarbosa"]
[Black "flomarechot"]
[Result "0-1"]
[WhiteElo "2481"]
[BlackElo "2345"]
[TimeControl "180+1"]
[EndTime "8:41:42 PST"]
[Termination "flomarechot won on time"]

1. e4 d6 2. d4 Nf6 3. Nc3 e5 4.
Nf3 Nbd7 5. Bc4 Be7 6. O-O O-O 7.
Re1 c6 8. a4 b6 9. h3 Bb7 10.
Bg5 a6 11. d5 cxd5 12. exd5 Qc7 13. Bd3 h6 14. Be3 Nc5 15. Bxc5 bxc5 16. Bc4 Bc8 17. Ra3 Nd7 18. g4 f5 19. gxf5 Rxf5 20. Ne4 Rf4 21. Bf1 Nf6 22. Ng3 Rb8 23. Rb3 Rxa4 24.
Rxb8 Qxb8 25. b3 Rb4 26. Bc4 Bxh3 27. Nxe5 dxe5 28. d6+ Rxc4 29. bxc4 Bxd6 30. Kh2 Be6 31. Qd3 e4 32. Qe2 Ng4+ 33. Kg2 Bxg3 34. fxg3 Bf5 35. Qd2 Qe5 36. Qd5+ Qxd5 37. cxd5 Bd7 38. Ra1 Bb5 39.
Ra5 e3 40. c4 Bxc4 41. Rxc5 e2 42. Rc8+ Kh7 43. Rc7 e1=Q 0-1

[Event "Early-Titled-Tuesday-Blitz-January-30-2024"]
[Site "Chess.com"]
[Date "2024.01.30"]
[Round "4"]
[White "GianmarcoVaR"]
[Black "otrov-11"]
[Result "1-0"]
[WhiteElo "2716"]
[BlackElo "2509"]
[TimeControl "180+1"]
[EndTime "8:41:43 PST"]
[Termination "GianmarcoVaR won on time"]

1. d4 Nf6 2. Nf3 e6 3. e3 b6 4. Bd3 Bb7 5. O-O Be7 6. c4 O-O 7. Nc3 d5 8. cxd5 exd5 9. Ne5 c5 10. b3 Nc6 11. Bb2 g6 12. Rc1 Rc8 13. Ne2 Bd6 14. Ng3 Qe7 15. f4 cxd4 16. exd4 Nb4 17. Bb1 Ne4 18.
Nxe4 dxe4 19. Rxc8 Rxc8 20. f5 Bxe5 21. dxe5 Qg5 22.
e6 Rd8 23. exf7+ Kxf7 24. fxg6+ Kxg6 25. Qe2 Nd3 26. Bf6 Qxf6 27. Rxf6+ Kxf6 28. Qh5 Rd7 29. g4 Ke6 30. Qf5+ Kd6 31. Bxd3 exd3 32. Qxd3+ Kc6 33. Qf5 a5 34. h4 Kc7 35. g5 Bd5 36. h5 Kc6 37.
Kh2 Rf7 38. Qe5 Kc5 39. Kg3 Rd7 40. Qc3+ Kd6 41. Qd4 Kc6 42. Qf6+ Rd6 43. Qc3+ Kd7 44. Qg7+ Kc6 45. Qxh7 Be6 46. Qe4+ Bd5 47. Qe5 Re6 48. Qc3+ Kd6 49. g6 1-0

[Event "Early-Titled-Tuesday-Blitz-January-30-2024"]
[Site "Chess.com"]
[Date "2024.01.30"]
[Round "4"]
[White "Kotofeyca"]
[Black "Sadykov_Ramil"]
[Result "0-1"]
[WhiteElo "2392"]
[BlackElo "2612"]
[TimeControl "180+1"]
[EndTime "8:41:43 PST"]
[Termination "Sadykov_Ramil won on time"]

1. d4 d6 2. c4 e5 3. Nf3 e4 4. Nfd2 f5 5. f3 e3 6. Nb3 f4 7. g3 a5 8. d5 c5 9. dxc6 bxc6 10. Qd3 Na6 11. gxf4 Nb4 12. Qxe3+ Ne7 13. Na3 g6 14. Qc3 Rg8 15. Be3 Nf5 16. Bf2 Bg7 17. Qd2 Qf6 18.
Rb1 Nxa2 19. e4 Nh4 20. Be2 Ng2+ 21. Kd1 Nxf4 22. Nxa5 Rf8 23. Nxc6 Bd7 24. Bd4 Qf7 25. Bxg7 Qxg7 26. Nd4 Kf7 27. Nab5 Kg8 28. Nxd6 Rad8 29.
c5 Qe5 30. b4 Bc8 31. Qxa2+ Kh8 32. Qb2 Kg8 33. Nc6 Qe6 34. Nxd8 Rxd8 35. Qb3 Qxb3+ 36. Rxb3 Be6 37. Ra3 g5 38. Ra7 Ng6 39. Rg1 h6 40. Bc4 Bxc4 41. Kc2 Be6 42. b5 Ne5 43. b6 Nd7 44. b7 Nxc5 45. Ra8 Nxb7 46. Rxd8+ Nxd8 47. Kd3 Nc6 48. Ke3 Kg7 49. Ra1 Kf6 0-1